 Dungeon Crawl Stone Soup version 0.28-a0-732-g75e6d9beac (webtiles) character file.

Game seed: 1304459125237677890

95 Ijustatesigmund the Covert (level 4, 0/41 HPs)
             Began as a Gnoll Delver on Oct 29, 2021.
             Killed from afar by Ijyb (2 damage)
             ... with a puff of flame
             ... on level 3 of the Dungeon.
             The game lasted 00:03:56 (2487 turns).

Ijustatesigmund the Covert (Gnoll Delver)           Turns: 2487, Time: 00:03:56

Health: 0/41       AC:  7    Str: 11    XL:     4   Next: 66%
Magic:  5/5        EV: 10    Int: 11    God:
Gold:   102        SH:  0    Dex: 13    Spells: 5/5 levels left

rFire   . . .      SeeInvis .   a - +1 hand axe
rCold   . . .      Faith    .   (no shield)
rNeg    + . .      Spirit   .   b - +0 scale mail
rPois   .          Reflect  .   (no helmet)
rElec   .          Harm     .   (no cloak)
rCorr   .          Rampage  .   (no gloves)
Will    .....                   n - +0 pair of boots
Stlth   +++.......              (no amulet)
HPRegen 0.13/turn               m - ring of positive energy
MPRegen 0.09/turn               (no ring)

@: mighty
A: fangs 1, strong nose, distributed training
a: no special abilities


You were on level 3 of the Dungeon.
You visited 1 branch of the dungeon, and saw 5 of its levels.

You collected 102 gold pieces.

Inventory:

Hand Weapons
 a - a +1 hand axe (weapon)
 h - a +0 flail of holy wrath
Missiles
 u - 5 javelins (quivered)
Armour
 b - a +0 scale mail (worn)
 n - a +0 pair of boots (worn)
Jewellery
 m - a ring of positive energy (left hand)
Wands
 g - a wand of digging (3)
 i - a wand of charming (12)
Scrolls
 c - a scroll of fog
 d - a scroll of magic mapping
 j - a scroll of noise {unknown}
 l - 2 scrolls of teleportation
 p - a scroll of amnesia
 q - a scroll of summoning
 t - a scroll of enchant weapon
Potions
 e - a potion of ambrosia
 f - a potion of haste
 k - a potion of flight {unknown}
 o - a potion of might
 r - a potion of attraction
 s - a potion of cancellation {unknown}


   Skills:
 + Level 6.6 Fighting
 + Level 1.2 Short Blades
 + Level 1.2 Long Blades
 + Level 4.6 Axes
 + Level 1.2 Maces & Flails
 + Level 1.2 Polearms
 + Level 1.2 Staves
 + Level 1.2 Slings
 + Level 1.2 Bows
 + Level 1.2 Crossbows
 + Level 1.2 Throwing
 + Level 1.2 Armour
 + Level 4.6 Dodging
 + Level 9.6 Stealth
 + Level 1.2 Shields
 + Level 1.2 Unarmed Combat
 + Level 1.2 Spellcasting
 + Level 1.0 Conjurations
 + Level 1.0 Hexes
 + Level 1.0 Summonings
 + Level 1.0 Necromancy
 + Level 1.0 Translocations
 + Level 1.0 Transmutations
 + Level 1.0 Fire Magic
 + Level 1.0 Ice Magic
 + Level 1.0 Air Magic
 + Level 1.0 Earth Magic
 + Level 1.0 Poison Magic
 + Level 1.3 Invocations
 + Level 1.2 Evocations


You had 5 spell levels left.
You didn't know any spells.
Your spell library contained the following spells:

 Spells                   Type           Power      Damage    Failure   Level
 Gell's Gravitas          Tloc           1%         N/A       98%         3
 Lesser Beckoning         Tloc           2%         N/A       98%         3
 Teleport Other           Tloc           2%         N/A       98%         3


Dungeon Overview and Level Annotations

Branches:
Dungeon (5/15)
 Temple: D:4-7

Altars:

Annotations:
D:3 Ijyb
D:5 3 runed translucent doors


Innate Abilities, Weirdness & Mutations

You have very sharp teeth.
Your uncanny sense of smell can sniff out nearby items.
Your experience applies equally to all skills.


Message History

You hit Ijyb but do no damage. Ijyb hits you with a +0 dagger.
You hit Ijyb.
Ijyb is lightly wounded.
Ijyb barely misses you.
You slash Ijyb! Your bite misses Ijyb.
Ijyb is heavily wounded.
Ijyb hits you but does no damage.
You hit Ijyb but do no damage.
Ijyb is heavily wounded.
Ijyb zaps a wand.
The puff of flame hits you. Ijyb closely misses you.
You hit Ijyb.
Ijyb is heavily wounded.
Ijyb hits you with a +0 dagger.
You hit Ijyb.
Ijyb is severely wounded.
Ijyb screams, "You nasty!
Big nasty!"
Ijyb barely misses you.
You hit Ijyb but do no damage.
Ijyb is severely wounded.
Ijyb zaps a wand.
The puff of flame hits you!
You are too injured to fight recklessly!
You are too injured to fight recklessly!
You closely miss Ijyb.
Ijyb is severely wounded.
Ijyb barely misses you.
You miss Ijyb.
Ijyb is severely wounded.
Ijyb hits you but does no damage.
You closely miss Ijyb.
Ijyb is severely wounded.
Ijyb zaps a wand.
The puff of flame hits you.
* * * LOW HITPOINT WARNING * * *
You hit Ijyb but do no damage.
Ijyb is severely wounded.
Ijyb zaps a wand.
The puff of flame hits you!
* * * LOW HITPOINT WARNING * * *
It was a potion of might.
You feel very mighty all of a sudden.
Ijyb zaps a wand.
The puff of flame hits you.
You die...

#.# ### #.# #..
#.# ####### #..
###.###....g####..
##..
..........@†...!..
+...
###.###.#.#†##....
##..
#####.###.#<#.# .
#.. .#
#.........#.#.#
#.. .#
#.###.#####.#.#
#.. .# #.# ..#.#
#.. .# #.# ###.#
### .# # #.# .# #
.####.#
#.###########


You could see Ijyb.

Vanquished Creatures
  Natasha (D:3)
  2 adders
  2 dart slugs
  An orc (D:4)
  2 bats
  6 endoplasms
  5 goblins
  9 hobgoblins
  3 jackals (D:3)
  A quokka (D:2)
  3 ball pythons (D:2)
  2 frilled lizards (D:1)
  3 kobolds
  6 rats
46 creatures vanquished.

Vanquished Creatures (others)
  7 plants (D:4)
7 creatures vanquished.

Grand Total: 53 creatures vanquished

Notes
Turn   | Place    | Note
-------+----------+-------------------------------------------
     0 | D:5      | Reached skill level 9 in Stealth
     0 | D:5      | Ijustatesigmund the Gnoll Delver began the quest for the
                  | Orb.
     0 | D:5      | Reached XP level 1. HP: 23/23 MP: 1/1
    19 | D:5      | Found a runed translucent gate.
    19 | D:5      | Found a runed translucent gate.
    20 | D:5      | Found a runed translucent gate.
   178 | D:4      | Reached XP level 2. HP: 20/29 MP: 2/2
   717 | D:2      | Noticed an ogre
   762 | D:2      | HP: 1/29 [adder (3)]
   770 | D:2      | Reached XP level 3. HP: 8/35 MP: 2/4
  1103 | D:2      | Reached skill level 1 in Invocations
  1251 | D:1      | Found a faded altar of an unknown god.
  1251 | D:1      | Found the +10 tower shield of Ignorance {rN+ Int-4}
  1346 | D:1      | Reached skill level 1 in Short Blades
  1346 | D:1      | Reached skill level 1 in Long Blades
  1346 | D:1      | Reached skill level 1 in Maces & Flails
  1346 | D:1      | Reached skill level 1 in Polearms
  1346 | D:1      | Reached skill level 1 in Staves
  1346 | D:1      | Reached skill level 1 in Slings
  1346 | D:1      | Reached skill level 1 in Bows
  1346 | D:1      | Reached skill level 1 in Crossbows
  1346 | D:1      | Reached skill level 1 in Throwing
  1346 | D:1      | Reached skill level 1 in Armour
  1346 | D:1      | Reached skill level 1 in Shields
  1346 | D:1      | Reached skill level 1 in Unarmed Combat
  1346 | D:1      | Reached skill level 1 in Spellcasting
  1346 | D:1      | Reached skill level 1 in Evocations
  1758 | D:2      | Reached XP level 4. HP: 41/41 MP: 5/5
  1897 | D:3      | Noticed Natasha
  1909 | D:3      | Killed Natasha
  2253 | D:3      | You fall into a shaft and drop 1 floor!
  2291 | D:3      | Reached skill level 1 in Conjurations
  2291 | D:3      | Reached skill level 1 in Hexes
  2291 | D:3      | Reached skill level 1 in Summonings
  2291 | D:3      | Reached skill level 1 in Necromancy
  2291 | D:3      | Reached skill level 1 in Translocations
  2291 | D:3      | Reached skill level 1 in Transmutations
  2291 | D:3      | Reached skill level 1 in Fire Magic
  2291 | D:3      | Reached skill level 1 in Ice Magic
  2291 | D:3      | Reached skill level 1 in Air Magic
  2291 | D:3      | Reached skill level 1 in Earth Magic
  2291 | D:3      | Reached skill level 1 in Poison Magic
  2468 | D:3      | Noticed Ijyb
  2486 | D:3      | HP: 2/41 [Ijyb/puff of flame (7)]
  2487 | D:3      | Killed from afar by Ijyb

Illustrated notes

Levels and vault maps discovered:
D:1:      minmay_arrival_split_and_join, layout_rooms,
          hellmonk_ecumenical_altar_lost_god
D:2:      layout_basic, uniq_crazy_yiuf_cottage
D:3:      layout_basic, amethyst_killhole, uniq_ijyb, uniq_natasha
D:4:      layout_basic, nicolae_ru_awakened_eye, mainiacjoe_overflow_alcove_3,
          serial_bayou_ford_a, grunt_ministairs_6
D:5:      layout_basic, portal_sewer_entry_b, gammafunk_ghost_cemetery

Skill      XL: |  1  2  3  4 |
---------------+-------------+-----
Stealth        | |  9.6
Invocations    | 1 |  1.3
Short Blades   | 1 |  1.2
Long Blades    | 1 |  1.2
Maces & Flails | 1 |  1.2
Polearms       | 1 |  1.2
Staves         | 1 |  1.2
Slings         | 1 |  1.2
Bows           | 1 |  1.2
Crossbows      | 1 |  1.2
Throwing       | 1 |  1.2
Armour         | 1 |  1.2
Shields        | 1 |  1.2
Unarmed Combat | 1 |  1.2
Spellcasting   | 1 |  1.2
Evocations     | 1 |  1.2
Conjurations   | 1 |  1.0
Hexes          | 1 |  1.0
Summonings     | 1 |  1.0
Necromancy     | 1 |  1.0
Translocations | 1 |  1.0
Transmutations | 1 |  1.0
Fire Magic     | 1 |  1.0
Ice Magic      | 1 |  1.0
Air Magic      | 1 |  1.0
Earth Magic    | 1 |  1.0
Poison Magic   | 1 |  1.0
Fighting       | |  6.6
Axes           | |  4.6
Dodging        | |  4.6

Action                   |  1- 3 |  4- 6 || total
-------------------------+-------+-------++-------
Melee: Hand axe          |    78 |    56 ||   134
       Bite              |     7 |     4 ||    11
       Punch             |     1 |       ||     1
  Use: Scroll            |     6 |       ||     6
       Potion            |     2 |     1 ||     3
 Stab: Sleeping          |    10 |     2 ||    12
Armor: Scale mail        |    15 |    28 ||    43
       Leather armour    |     1 |       ||     1
Dodge: Dodged            |    35 |    34 ||    69

Table legend: (Time is in decaauts)
 A = Elapsed time spent in this place.
 B = Non-inter-level travel time spent in this place.
 C = Inter-level travel time spent in this place.
 D = Time resting spent in this place.
 E = Time spent auto-exploring this place.
 F = Levels seen in this place.
 G = Mean time per level.
                   A        B        C        D        E       F      G
               +--------+--------+--------+--------+--------+-----+--------+
         Total |   2504 |   2487 |     17 |    804 |   1127 |   5 |  500.8 |
       Dungeon |   2504 |   2487 |     17 |    804 |   1127 |   5 |  500.8 |
               +--------+--------+--------+--------+--------+-----+--------+

Top non-repeatable levels by time:
     D:3: 965 daAuts
     D:1: 561 daAuts
     D:2: 509 daAuts
     D:4: 429 daAuts
     D:5: 40 daAuts
